 Dungeon Crawl Stone Soup version 0.28.0-53-g5a82cb258f (webtiles) character file.

Game seed: 745523356871851849

1416 jjjjhere the Slicer (level 9, -18/54 HPs)
             Began as a Kobold Berserker on Aug 13, 2022.
             Was a Priest of Trog.
             Demolished by an ogre
             ... wielding a +0 giant club
              (29 damage)
             ... on level 5 of the Dungeon.
             The game lasted 00:07:42 (7618 turns).

jjjjhere the Slicer (Kobold Berserker)              Turns: 7618, Time: 00:07:42

Health: -18/54     AC:  6    Str: 16    XL:     9   Next: 2%
Magic:  9/9        EV: 18    Int:  8    God:    Trog [***...]
Gold:   193        SH:  0    Dex: 17    Spells: 8/8 levels left

rFire   . . .      SeeInvis .   i - +0 rapier (protect)
rCold   . . .      Faith    .   (no shield)
rNeg    . . .      Spirit   .   b - +0 animal skin
rPois   .          Reflect  .   r - +2 helmet
rElec   .          Harm     .   (no cloak)
rCorr   .          Rampage  .   l - +0 pair of gloves
Will    .....                   (no boots)
Stlth   +++++.....              (no amulet)
HPRegen 0.18/turn               (no ring)
MPRegen 0.11/turn               (no ring)

@: mighty, on berserk cooldown, slowed, very slow
A: small, no large weapons, nightstalker 3
a: Renounce Religion, Berserk, Trog's Hand


You were on level 5 of the Dungeon.
You worshipped Trog.
Trog was most pleased with you.
You visited 1 branch of the dungeon, and saw 5 of its levels.
You also visited: Sewer.

You collected 193 gold pieces.

Inventory:

Hand Weapons
 a - a +0 short sword
 i - a +0 rapier of protection (weapon)
Armour
 b - a +0 animal skin (worn)
 l - a +0 pair of gloves (worn)
 r - a +2 helmet (worn)
Wands
 j - a wand of digging (5)
Scrolls
 c - a scroll of fog
 d - 2 scrolls of enchant armour
 e - 3 scrolls of identify
 h - 4 scrolls of immolation
 n - a scroll of brand weapon {unknown}
 o - a scroll of amnesia {unknown}
 t - 3 scrolls of teleportation
Potions
 f - a potion of might
 g - 4 potions of curing
 k - a potion of heal wounds {unknown}
 m - 3 potions of haste
 p - a potion of berserk rage
 q - 2 potions of attraction
 s - a potion of mutation {unknown}


   Skills:
 - Level 5.0 Fighting
 * Level 10.0 Short Blades
 - Level 1.5 Armour
 + Level 6.3 Dodging
 + Level 6.7 Stealth


You had 8 spell levels left.
You didn't know any spells.
Your spell library was empty.

Dungeon Overview and Level Annotations

Branches:
Dungeon (5/15)             Temple (0/1) D:4           Sewer (visited)

Altars:
Gozag
Okawaru
Qazlal
Uskayaw

Shops:
D:2 (


Innate Abilities, Weirdness & Mutations

You are small and have problems with some larger weapons.
You are completely attuned to the shadows.


Message History

You hit the iguana.
The iguana is severely wounded.
The iguana barely misses you. x2
You hit the iguana but do no damage.
The iguana is severely wounded.
The iguana bites you!
You hit the iguana.
The iguana is almost dead.
The iguana bites you.
You barely miss the iguana.
The iguana is almost dead.
An ogre comes into view. It is wielding a +0 giant club.
The iguana bites you but does no damage.
You hit the iguana.
You kill the iguana!
Trog accepts your kill.
Your Short Blades skill increases to level 10!
You puncture the centaur skeleton!
The centaur skeleton is heavily damaged.
The centaur skeleton barely misses you.
The centaur skeleton kicks you but does no damage.
You hit the centaur skeleton but do no damage.
The centaur skeleton is heavily damaged.
The centaur skeleton misses you.
The centaur skeleton kicks you but does no damage.
An orc comes into view. It is wielding a +0 mace.
The centaur skeleton hits you but does no damage.
The centaur skeleton kicks you but does no damage.
The centaur skeleton closely misses you.
The centaur skeleton barely misses you.
There is an open door here.
The ogre closely misses you.
There is an open door here.
The ogre hits you with a +0 giant club!!
* * * LOW HITPOINT WARNING * * *
Okay, then.
You feel very mighty all of a sudden.
The ogre hits you with a +0 giant club!!
Ouch! That really hurt!
You die...

#...# #W##.# #.......
##..#W .#.O..###..#....
##############'##..####..
#......#.....#..# ##.
#.#..#.#.#.#.##.## ##
#..##..#..#..##..# #
#..##..#.#)#.##..#
###.#..#.W.....##..#
####......@O########..#
.....########.####...##
....................## #
..####......######### ##
. ###..### ##. ####...#
##.. ##......## ##..#
##........## #...#
#....##....## #...#


You could see a wraith and an ogre.

Vanquished Creatures
  An ice beast (D:5)
  A centaur (D:5)
  A necrophage (D:5)
  2 ogres
  2 phantoms
  4 kobold brigands (Sewer)
  2 bullfrogs (D:5)
  A hound (D:5)
  A jelly (D:4)
  An orc priest (D:3)
  A centaur skeleton (D:5)
  2 iguanas
  A hound skeleton (D:5)
  A howler monkey skeleton (D:5)
  Robin (D:2)
  4 gnolls (D:3)
  6 adders
  2 river rats (Sewer)
  An ufetubus (D:5)
  2 worms
  4 dart slugs
  8 orcs
  2 bats
  10 endoplasms
  10 giant cockroaches
  9 goblins
  10 hobgoblins
  3 jackals (D:2)
  11 kobolds
  6 quokkas
  4 ball pythons
  3 frilled lizards
  11 rats
128 creatures vanquished.

Vanquished Creatures (others)
  2 plants (D:3)
2 creatures vanquished.

Grand Total: 130 creatures vanquished

Notes
Turn   | Place    | Note
-------+----------+-------------------------------------------
     0 | D:1      | jjjjhere the Kobold Berserker began the quest for the Orb.
     0 | D:1      | Reached XP level 1. HP: 14/14 MP: 1/1
   228 | D:1      | Reached XP level 2. HP: 17/19 MP: 2/2
   407 | D:1      | Reached skill level 1 in Stealth
   732 | D:1      | Found a faded altar of an unknown god.
   893 | D:1      | You fall into a shaft and drop 1 floor!
   906 | D:2      | Reached XP level 3. HP: 12/23 MP: 3/3
   911 | D:2      | HP: 7/23 [poisoned by an adder]
  1173 | D:2      | Found Feloor's Antique Weapon Shoppe.
  1616 | D:2      | Reached XP level 4. HP: 20/29 MP: 4/4
  1756 | D:2      | Reached skill level 5 in Short Blades
  1774 | D:2      | Reached ** piety under Trog
  1955 | D:2      | Noticed Robin
  2005 | D:2      | Killed Robin
  2593 | D:3      | Found a glowing drain.
  2606 | Sewer    | Entered a sewer
  2741 | Sewer    | Reached XP level 5. HP: 24/33 MP: 5/5
  2823 | Sewer    | Noticed a kobold brigand
  2833 | Sewer    | Killed a kobold brigand
  3028 | Sewer    | Noticed a kobold brigand
  3029 | Sewer    | Noticed a kobold brigand
  3029 | Sewer    | Noticed a kobold brigand
  3038 | Sewer    | Killed a kobold brigand
  3039 | Sewer    | Reached skill level 6 in Short Blades
  3039 | Sewer    | Reached XP level 6. HP: 26/39 MP: 6/6
  3040 | Sewer    | HP: 18/58 [kobold brigand/+0 dagger (3)]
  3044 | Sewer    | HP: 5/58 [kobold brigand/+0 dagger (7)]
  3047 | Sewer    | Reached XP level 7. HP: 3/44 MP: 7/7
  3496 | Sewer    | Reached skill level 7 in Short Blades
  3811 | D:3      | Reached *** piety under Trog
  4633 | D:3      | Found an iron altar of Okawaru.
  5144 | D:3      | Found a hide-covered altar of Uskayaw.
  5469 | D:3      | Reached skill level 5 in Fighting
  5782 | D:4      | Found a stormy altar of Qazlal.
  5911 | D:4      | Found a staircase to the Ecumenical Temple.
  5987 | D:4      | HP: 19/66 [ogre/+0 giant club (27)]
  5990 | D:4      | Reached skill level 8 in Short Blades
  5990 | D:4      | Reached skill level 5 in Dodging
  5990 | D:4      | Reached skill level 5 in Stealth
  5990 | D:4      | Reached XP level 8. HP: 21/49 MP: 8/8
  6352 | D:5      | Entered Level 5 of the Dungeon
  7069 | D:5      | Found an opulent altar of Gozag.
  7234 | D:5      | Reached skill level 9 in Short Blades
  7282 | D:5      | Noticed a wraith
  7385 | D:5      | HP: 16/49 [ice beast (13)]
  7594 | D:5      | Reached XP level 9. HP: 54/54 MP: 9/9
  7607 | D:5      | Reached skill level 10 in Short Blades
  7616 | D:5      | HP: 11/54 [ogre/+0 giant club (21)]
  7618 | D:5      | Demolished by an ogre

Illustrated notes

Levels and vault maps discovered:
D:1:      sevenhm_arrival_forest_fort_large_1, layout_basic,
          chequers_ecumenical_altar_twisty
D:2:      layout_rooms, serial_shops, nicolae_square_shop, uniq_robin
D:3:      layout_loops_corners, mainiacjoe_overflow_alcove_4, okawaru_trees_1,
          gup_sewer_entry_pipe, nicolae_grassy_gnolls
D:4:      layout_rooms, overflow_temple_1_default,
          minmay_temple_entry_gardened_gates
D:5:      minmay_clustersquares, layout_layer_cave, overflow_temple_1_default

Skill      XL: |  1  2  3  4  5  6  7  8  9 |
---------------+----------------------------+-----
Stealth        | 1 2 3 4 5 6 |  6.7
Dodging        | 3 4 5 6 |  6.3
Short Blades   | 5 6 8 9 10 | 10.0
Fighting       | 4 5 |  5.0
Armour         | |  1.5

Action                   |  1- 3 |  4- 6 |  7- 9 || total
-------------------------+-------+-------+-------++-------
Melee: Short sword       |    70 |   136 |   104 ||   310
       Punch             |     2 |     1 |     1 ||     4
       Rapier            |       |       |   145 ||   145
Invok: Berserk           |     1 |     3 |     6 ||    10
  Use: Scroll            |       |       |    13 ||    13
       Potion            |       |       |     1 ||     1
 Stab: Sleeping          |     9 |     6 |    21 ||    36
Armor: Animal skin       |    10 |    11 |    48 ||    69
Dodge: Dodged            |    53 |    68 |   146 ||   267
